AoeStats
← GAX | Urubu

Oasis

508793226Analyzed
4v4 RM · 9d ago on Sep 24, 2026· 30m 19s· 8 players
Game mode
Random Map
Map size
Large (8 player)
Population
200
Speed
Normal
Resources
Standard
Victory
Conquest
Starting age
Dark Age
Ending age
Imperial Age
RankedLock teamsTeams togetherTeam positionsShared explorationLock speedFull tech treeHidden civsTurbo modeCheats
Victory
Defeat
🇨🇳 Poles · China
1682
+9
🇺🇸 Huns · United States
1460
+18
🇵🇪 Magyars · Peru
1392
+21
🇵🇪 Celts · Peru
1370
+21
🇧🇷 Khmer · Brazil
1593
-21
🇲🇽 Varangians · Mexico
1546
-19
🇧🇷 Sicilians · Brazil
1506
-17
🇦🇷 Portuguese · Argentina
1383
-12
eloysuarez93
6:43 Loom
9:08 Feudal Age
9:38 Double-Bit Axe
11:38 Horse Collar
15:47 Bloodlines
20:12 Forging
23:17 Castle Age
21:42 Scale Barding Armor
22:58 Gold Mining
23:20 Light Cavalry
24:01 Husbandry
26:16 Bow Saw
GAX | Urubu
9:49 Feudal Age
9:41 Loom
10:28 Double-Bit Axe
10:23 Horse Collar
16:15 Wheelbarrow
17:03 Scale Barding Armor
21:49 Castle Age
20:19 Forging
20:09 Gold Mining
21:20 Bloodlines
24:19 Husbandry
25:32 Chain Barding Armor
PoopMaster
2:45 Loom
Bass
6:08 Loom
9:03 Feudal Age
13:57 Double-Bit Axe
16:39 Fletching
18:21 Padded Archer Armor
19:57 Horse Collar
28:42 Castle Age
27:29 Stone Mining
28:50 Crossbowman
29:25 Bodkin Arrow
Eevee Queen
9:29 Feudal Age
18:28 Bloodlines
18:30 Scale Barding Armor
18:55 Double-Bit Axe
27:36 Castle Age
26:19 Horse Collar
27:07 Gold Mining
30:09 Bow Saw
小白
7:06 Loom
10:10 Feudal Age
10:50 Double-Bit Axe
15:19 Scale Barding Armor
17:09 Forging
17:54 Horse Collar
19:40 Bloodlines
21:28 Wheelbarrow
26:25 Castle Age
26:00 Gold Mining
26:02 Stone Mining
26:30 Light Cavalry
27:11 Husbandry
27:33 Chain Barding Armor
27:30 Bow Saw
27:22 Heavy Plow
28:51 Iron Casting
Meowth
7:01 Loom
9:25 Feudal Age
9:53 Man-at-Arms
15:15 Fletching
18:05 Padded Archer Armor
20:56 Double-Bit Axe
26:01 Castle Age
24:27 Gold Mining
26:07 Crossbowman
26:43 Bodkin Arrow
28:42 Ballistics
UBERstrats
6:41 Loom
9:05 Feudal Age
10:43 Double-Bit Axe
25:45 Horse Collar
Connection lost

Rejoining the realm…

Still unreachable

The connection could not be restored.

Session expired

The server has moved on; the page needs a fresh start.